 Dungeon Crawl Stone Soup version 0.28-a0-1143-gcf6077d4cc (webtiles) character file.

Game seed: 1635197608951369803

9 leviel the Skirmisher (level 2, 0/27 HPs)
             Began as a Hill Orc Fighter on Dec 14, 2021.
             Hit by a goblin thrown by Robin (2 damage)
             ... on level 2 of the Dungeon.
             The game lasted 00:00:15 (152 turns).

leviel the Skirmisher (Hill Orc Fighter)             Turns: 152, Time: 00:00:16

Health: 0/27       AC:  6    Str: 18    XL:     2   Next: 12%
Magic:  2/2        EV:  9    Int:  8    God:
Gold:   22         SH:  4    Dex: 10    Spells: 1/1 levels left

rFire   . . .      SeeInvis .   a - +0 war axe
rCold   . . .      Faith    .   c - +0 buckler
rNeg    . . .      Spirit   .   b - +0 scale mail
rPois   .          Reflect  .   (no helmet)
rElec   .          Harm     .   (no cloak)
rCorr   .          Rampage  .   (no gloves)
Will    .....                   (no boots)
Stlth   ..........              (no amulet)
HPRegen 0.09/turn               (no ring)
MPRegen 0.08/turn               (no ring)

@: lethally poisoned (0 -> -8)
A: no striking features
a: no special abilities


You were on level 2 of the Dungeon.
You visited 1 branch of the dungeon, and saw 2 of its levels.

You collected 22 gold pieces.

Inventory:

Hand Weapons
 a - a +0 war axe (weapon)
Armour
 b - a +0 scale mail (worn)
 c - a +0 buckler (worn)
Potions
 d - a potion of might


   Skills:
 + Level 3.8 Fighting
 + Level 3.0 Axes
 + Level 3.4 Armour
 + Level 3.4 Shields


You had one spell level left.
You didn't know any spells.
Your spell library was empty.

Dungeon Overview and Level Annotations

Branches:
Dungeon (1/15)

Altars:

Annotations:
D:2 Robin


Message History

You kill the goblin!
You barely miss the goblin.
You hear a zap.
You hear a grinding noise.
You block the goblin's attack. The goblin hits you but does no damage.
You closely miss the goblin. You barely miss the goblin.
The goblin barely misses you. The goblin hits you but does no damage.
You block the goblin's attack. The goblin barely misses you.
You closely miss the goblin. You hit the goblin.
You kill the goblin!
You barely miss the goblin. You closely miss the goblin.
The goblin hits you but does no damage.
Robin roars a battlecry!
The goblins go into a battle-frenzy!
The goblin barely misses you. You block the goblin's attack.
Your Axes skill increases to level 3!
You have reached level 2!
You miss the goblin. You completely miss the goblin.
You closely miss the goblin. You hit the adder. The adder barely misses you.
The goblin barely misses you. The goblin hits you with a +0 club.
Robin zaps a wand.
Some rock shatters into small pieces.
The goblin closely misses you. The adder bites you.
You are poisoned.
The adder poisons you! The goblin hits you with a +0 dagger.
The goblin closely misses you.
You slash the goblin!
You kill the goblin!
You barely miss the adder. You closely miss the goblin. You hit the goblin.
You feel sick. The adder bites you.
You are lethally poisoned!
The adder poisons you! The goblin hits you but does no damage.
The adder bites you.
* * * LOW HITPOINT WARNING * * *
The goblin closely misses you. The goblin hits you but does no damage.
You completely miss the goblin. You barely miss the adder. You slash Robin!
You closely miss the goblin. You hit the goblin but do no damage.
* * * LOW HITPOINT WARNING * * *
You feel very sick. You block the adder's attack.
The goblin hits you with a +0 club.
* * * LOW HITPOINT WARNING * * *
Robin throws the goblin at you!
You die...

#.##.# #.....
#.##>### #####.
###.#....######## #.
................###.
##....[#.#.........
##....##.#.###.####
##...#.##.#.# #.#
##.g)g.......# #.#
#.Kg@##.##.### #.#
#..BS)g...#.# #.#
#..###g##.##.. ..#
..(g..gg....### ###
#...g#####..# ..gS
#..# ... #..# .. #


You could see Robin, an adder, a giant cockroach, 6 goblins and a kobold.

Vanquished Creatures
  A bat (D:2)
  5 goblins (D:2)
  A ball python (D:2)
7 creatures vanquished.

Notes
Turn   | Place    | Note
-------+----------+-------------------------------------------
     0 | D:1      | leviel the Hill Orc Fighter began the quest for the Orb.
     0 | D:1      | Reached XP level 1. HP: 19/19 MP: 1/1
    17 | D:1      | You fall into a shaft and drop 1 floor!
   138 | D:2      | Noticed Robin
   150 | D:2      | Reached XP level 2. HP: 22/27 MP: 2/2
   152 | D:2      | Hit by a goblin thrown by Robin

Illustrated notes

Levels and vault maps discovered:
D:1:      amcnicky_arrival_single_pillar, layout_basic
D:2:      layout_loops_corners, serial_forest, infiniplex_forest_clump_cross,
          infiniplex_forest_lined_corner, infiniplex_forest_zigzag_2,
          infiniplex_forest_end_3, infiniplex_forest_lined_room_,
          infiniplex_forest_clump_diagonal, basic_ecumenical_altar,
          minmay_pentomino_v4, uniq_robin

Skill      XL: |  1 |
---------------+----+-----
Axes           | 3 |  3.0
Fighting       | |  3.8
Armour         | |  3.4
Shields        | |  3.4

Action                   || total
-------------------------++-------
Melee: War axe           ||    18
Armor: Scale mail        ||    12
Dodge: Dodged            ||    15
Block: Buckler           ||     7

Table legend: (Time is in decaauts)
 A = Elapsed time spent in this place.
 B = Non-inter-level travel time spent in this place.
 C = Inter-level travel time spent in this place.
 D = Time resting spent in this place.
 E = Time spent auto-exploring this place.
 F = Levels seen in this place.
 G = Mean time per level.
                   A        B        C        D        E       F      G
               +--------+--------+--------+--------+--------+-----+--------+
         Total |    158 |    158 |      0 |      0 |    125 |   2 |   79.0 |
       Dungeon |    158 |    158 |      0 |      0 |    125 |   2 |   79.0 |
               +--------+--------+--------+--------+--------+-----+--------+

Top non-repeatable levels by time:
     D:2: 141 daAuts
     D:1: 17 daAuts
